cohdb
Replays
Latest Replays
All Replays
Popular Replays
Top Player Replays
Match Explorer
How It Works
Community
CoH3 Stats
Reddit
Sign in to upload your games and track your stats! →
Sign in with Steam
Match 41072063
Unlisted
Match 41072063
Overview
Messages
Build Orders
End
Selects Heavy Armor Battlegroup
Vickers Machine Gun Team
Construct Section Command Post
Dingo Light Scout Car
Infantry Section
Grenade Package
ML 3-inch Mortar Team
Construct Platoon Command Post
Selects Rigorous Vehicle Training
Selects Forward Repair Assembly
Unlock M3 Stuart Light Tanks
Infantry Section
M3 Stuart Light Tank
Vickers Machine Gun Team
M3 Stuart Light Tank
Selects UNKNOWN (2162094)
6-pounder Anti-tank Gun Team
Vickers Machine Gun Team
Infantry Section
Construct Company Command Post
Foot Guards Section
Churchill IV Heavy Tank
Selects Light Vehicle Withdraw and Refit
Selects Radio Net
Selects Recon Artillery
Kylen
runningDuck
QAQ87
Final_Ant
homig
kerem
罗德哈特
Swordfingerdarkblue
0
0
Comments
sign in to comment!
No comments posted yet!